 Dungeon Sprint DCSS version 0.14-a0-59-gd5eeb80 (webtiles) character file.

13747 Findor the Polluter (level 11, -31/75 HPs)
             Began as an Octopode Venom Mage on Sept 30, 2013.
             Was the Champion of Sif Muna.
             Annihilated by a freezing wraith (40 damage)
             ... in the Dungeon (Sprint IX: "|||||||||||||||||||||||||||||").
             The game lasted 00:29:39 (4758 turns).

Findor the Polluter (Octopode Venom Mage)           Turns: 4758, Time: 00:29:40

HP -31/75        AC  5     Str 11      XL: 11   Next: 92%
MP   4/31        EV 12     Int 21      God: Sif Muna [******]
Gold 1383        SH  0     Dex 12      Spells: 10 memorised,  3 levels left

Res.Fire  : + + .   See Invis. : .   m - staff of energy
Res.Cold  : x . .   Warding    : .   (no shield)
Life Prot.: . . .   Conserve   : .   n - +2 wizard hat
Res.Poison: .       Res.Corr.  : .   (no amulet)
Res.Elec. : .       Clarity    : .   o - +2 ring of protection
Sust.Abil.: . .     Spirit.Shd : .   p - +3 ring of strength
Res.Mut.  : .       Prev.Telep.: +   u - ring of flight
Res.Rott. : .       Flight     : .   A - ring of protection from magic
Saprovore : . . .                    B - ring of protection from fire
                                     C - ring of fire
                                     (no ring)
                                     (no ring)

@: quite resistant to hostile enchantments, quite stealthy
A: almost no armour, amphibious, 8 rings, constrict 8, camouflage 1, AC +1
a: Channel Energy, Forget Spell, Renounce Religion, Evoke Flight


You were in the Dungeon.
You worshipped Sif Muna.
Sif Muna was exalted by your worship.
You were not hungry.

You visited 1 branch You collected 1913 gold pieces.
You spent 550 gold pieces at shops.

Inventory:

Armour
 n - a +2 wizard hat (worn)
Magical devices
 l - a wand of fire (7)
Comestibles
 v - 40 strawberries
 w - 10 bread rations
 x - 12 meat rations
Scrolls
 j - 2 scrolls of remove curse
 k - 2 scrolls of amnesia
 q - 4 scrolls of enchant weapon II
 F - a scroll of fog
 G - a scroll of blinking
 H - a scroll of recharging
Jewellery
 o - a +2 ring of protection (left tentacle)
 p - a +3 ring of strength (right tentacle)
 u - a ring of flight (on tentacle)
 A - a ring of protection from magic (on tentacle)
 B - a ring of protection from fire (on tentacle)
 C - a ring of fire (on tentacle)
Potions
 d - 6 potions of curing
 e - a potion of invisibility
 g - a potion of agility
 h - 3 potions of heal wounds
 i - 2 potions of cure mutation
 D - 2 potions of speed
 E - a potion of restore abilities
Books
 a - Sif Muna's Grimoire of Mutagenic Intoxication
   (Sif Muna gifted it to you in the Dungeon)

   Spells                             Type                      Level
   Poison Weapon                      Charms/Poison                3
   Spider Form                        Transmutation/Poison         3
   *Summon Scorpions                  Summoning/Poison             4
   Alistair's Intoxication            Transmutation/Poison         4
   *Poisonous Cloud                   Conjuration/Poison/Air       6
 b - a Young Poisoner's Handbook

   Spells                             Type                      Level
   *Sting                             Conjuration/Poison           1
   *Cure Poison                       Poison                       2
   *Mephitic Cloud                    Conjuration/Poison/Air       3
   *Olgreb's Toxic Radiance           Poison                       4
   *Venom Bolt                        Conjuration/Poison           5
 c - Sif Muna's Disquisition on Conjuration
   (Sif Muna gifted it to you in the Dungeon)

   Spells                             Type                      Level
   *Sting                             Conjuration/Poison           1
   *Searing Ray                       Conjuration                  2
   Throw Flame                        Conjuration/Fire             2
   Bolt of Cold                       Conjuration/Ice              6
 f - Sif Muna's Reference Book on Conjuration
   (Sif Muna gifted it to you in the Dungeon)

   Spells                             Type                      Level
   Shock                              Conjuration/Air              1
   Dazzling Spray                     Conjuration/Hexes            3
   Stone Arrow                        Conjuration/Earth            3
   Iskenderun's Battlesphere          Conjuration/Charms           4
   Fire Storm                         Conjuration/Fire             9
 s - Dopoongama's Guide on Conjuration and Translocation
   (Sif Muna gifted it to you in the Dungeon)

   Spells                             Type                      Level
   *Sting                             Conjuration/Poison           1
   *Blink                             Translocation                2
   Iskenderun's Mystic Blast          Conjuration                  4
   Passage of Golubria                Translocation                4
   Orb of Destruction                 Conjuration                  7
 t - Sif Muna's Papyrus of Floating Attacks
   (Sif Muna gifted it to you in the Dungeon)

   Spells                             Type                      Level
   Shock                              Conjuration/Air              1
   Static Discharge                   Conjuration/Air              3
   *Lightning Bolt                    Conjuration/Air              5
   Fireball                           Conjuration/Fire             5
   Poison Arrow                       Conjuration/Poison           6
 y - Sif Muna's Guide on Combat Magic and Flight
   (Sif Muna gifted it to you in the Dungeon)

   Spells                             Type                      Level
   Throw Icicle                       Conjuration/Ice              4
   *Lightning Bolt                    Conjuration/Air              5
   Fulminant Prism                    Conjuration/Hexes            5
   *Poisonous Cloud                   Conjuration/Poison/Air       6
 z - Sif Muna's Grimoire of Battle Magic
   (Sif Muna gifted it to you in the Dungeon)

   Spells                             Type                      Level
   Poison Arrow                       Conjuration/Poison           6
   Delayed Fireball                   Conjuration/Fire             7
   Orb of Destruction                 Conjuration                  7
 I - a book of Conjurations

   Spells                             Type                      Level
   Magic Dart                         Conjuration                  1
   *Searing Ray                       Conjuration                  2
   Dazzling Spray                     Conjuration/Hexes            3
   Iskenderun's Mystic Blast          Conjuration                  4
   Iskenderun's Battlesphere          Conjuration/Charms           4
   Fulminant Prism                    Conjuration/Hexes            5
Magical staves
 m - an uncursed staff of energy (weapon)
Miscellaneous
 r - a crystal ball of energy


   Skills:
 + Level 12.1 Fighting
 - Level 2.0 Dodging
 - Level 2.6 Stealth
 + Level 13.9 Spellcasting
 + Level 14.2 Conjurations
 - Level 2.0 Summonings
 + Level 10.4 Air Magic
 - Level 15.2 Poison Magic


You had 3 spell levels left.
You knew the following spells:

 Your Spells              Type           Power        Failure   Level  Hunger
a - Sting                 Conj/Pois      ####         0%          1    None
b - Mephitic Cloud        Conj/Pois/Air  ######..     1%          3    None
c - Olgreb's Toxic Radia  Pois           ######..     1%          4    None
d - Cure Poison           Pois           ######....   0%          2    None
e - Venom Bolt            Conj/Pois      ######....   1%          5    None
f - Summon Scorpions      Summ/Pois      ######....   1%          4    None
g - Poisonous Cloud       Conj/Pois/Air  ######....   3%          6    None
h - Blink                 Tloc           N/A          10%         2    None
i - Lightning Bolt        Conj/Air       ######....   1%          5    None
j - Searing Ray           Conj           ######       1%          2    None


Dungeon Overview and Level Annotations

Branches:
Dungeon (1/1)

Altars:
Ashenzari
Cheibriados
Elyvilon
Fedhas
Kikubaaqudgha
Makhleb
Nemelex Xobeh
Okawaru
Sif Muna
Trog
Vehumet
Xom
Yredelemnul
Zin
the Shining One

Shops:
D *?}}


Innate Abilities, Weirdness & Mutations

You cannot wear most types of armour.
You are amphibious.
You can wear up to eight rings at the same time.
You can use your tentacles to constrict many enemies at once.
Your skin changes colour to match your surroundings (Stlth).
Your rubbery body absorbs attacks (AC +1).


Message History

The freezing wraith closely misses you.
Casting: Searing Ray
Confirm with . or Enter, or press ? or * to list all spells.
Aiming: Searing Ray
Press: ? - help, Shift-Dir - straight line, f/p - freezing wraith
Aim: a freezing wraith (severely damaged)
The searing ray hits the freezing wraith.
The freezing wraith is severely damaged.
Casting: Searing Ray
Confirm with . or Enter, or press ? or * to list all spells.
Aiming: Searing Ray
Press: ? - help, Shift-Dir - straight line, f/p - freezing wraith
Aim: a freezing wraith (severely damaged)
The searing ray hits the freezing wraith.
The freezing wraith is severely damaged.
The freezing wraith hits you!
* * * LOW HITPOINT WARNING * * *
The freezing wraith freezes you!
You feel a terrible chill!
Ouch! That really hurt!
You die...

#[#.#)#.#.#.#_#
#[#.#)#.#.#.#_#
#[#.#)#.#.#.#_#
#[#.#)#.#.#.#_#
#[#.#)#.#'#%#_#
#.#.#.#.#.#.#_#
#.#.#)#.#.#.#_#
#.#.#)#.#.#.#_#
#@#.#.#.#.#.#_#
#W#.#)#.#.#.#_#
#.#.#)#.#.#.#_#
#.#.#.#.#.#.#_#
#.#.#[#.#.#.#)#
#%#.#'#.#.#.#.#
#.#.#)#.#'#.#.#
#[#.#)#.#.#.#.#
#.#.#.#.#%#.#)#


You could see a freezing wraith.

Vanquished Creatures
  Gastronok (D)
  Erica (D)
  3 orc high priests (D)
  5 orc knights (D)
  A hill giant (D)
  2 orc sorcerers (D)
  An orange demon (D)
  A spiny frog (D)
  Psyche (D)
  A yaktaur (D)
  A fire drake (D)
  A komodo dragon (D)
  2 trolls (D)
  Sonja (D)
  A shadow (D)
  3 wolves (D)
  2 hippogriffs (D)
  2 hell hounds (D)
  A soldier ant (D)
  10 orc warriors (D)
  An ice beast (D)
  4 crocodiles (D)
  A boring beetle (D)
  3 wargs (D)
  A big kobold (D)
  A water moccasin (D)
  An eye of draining (D)
  3 giant frogs (D)
  A killer bee (D)
  A crimson imp (D)
  5 orc priests (D)
  An orc wizard (D)
  3 scorpions (D)
  A worker ant (D)
  4 giant centipedes (D)
  2 ufetubi (D)
  2 giant geckos (D)
  An ooze (D)
  17 orcs (D)
  3 bats (D)
  A hobgoblin (D)
  A kobold (D)
  A goblin zombie (D)
  A kobold skeleton (D)
  A kobold zombie (D)
  3 rats (D)
  A rat zombie (D)
106 creatures vanquished.

Vanquished Creatures (collateral kills)
  A water moccasin (D)
  2 scorpions (D)
3 creatures vanquished.

Vanquished Creatures (others)
  9 scorpions (D)
9 creatures vanquished.

Grand Total: 118 creatures vanquished

Notes
Turn   | Place    | Note
--------------------------------------------------------------
     0 | D        | Findor, the Octopode Venom Mage, began the quest for the Orb.
     0 | D        | Reached XP level 1. HP: 11/11 MP: 3/3
    15 | D        | Reached skill level 5 in Poison Magic
    19 | D        | Reached skill level 6 in Poison Magic
    23 | D        | Reached skill level 1 in Conjurations
    30 | D        | Reached XP level 2. HP: 13/17 MP: 4/4
   106 | D        | Noticed a scorpion
   112 | D        | Killed a scorpion
   112 | D        | Reached skill level 8 in Poison Magic
   112 | D        | Reached XP level 3. HP: 21/21 MP: 5/5
   133 | D        | Found a sparkling altar of Nemelex Xobeh.
   133 | D        | Found a glowing silver altar of Zin.
   133 | D        | Found a basalt altar of Yredelemnul.
   133 | D        | Found a white marble altar of Elyvilon.
   133 | D        | Found a shattered altar of Ashenzari.
   133 | D        | Found a glowing golden altar of the Shining One.
   133 | D        | Found a shimmering altar of Xom.
   134 | D        | Found an ancient bone altar of Kikubaaqudgha.
   135 | D        | Found an iron altar of Okawaru.
   136 | D        | Found a bloodstained altar of Trog.
   137 | D        | Found a blossoming altar of Fedhas.
   138 | D        | Found a snail-covered altar of Cheibriados.
   139 | D        | Found a radiant altar of Vehumet.
   140 | D        | Found a deep blue altar of Sif Muna.
   141 | D        | Found a burning altar of Makhleb.
   142 | D        | Found an ancient bone altar of Kikubaaqudgha.
   143 | D        | Found a bloodstained altar of Trog.
   149 | D        | Became a worshipper of Sif Muna the Loreminder
   168 | D        | Learned a level 3 spell: Mephitic Cloud
   181 | D        | Noticed a crocodile
   194 | D        | Reached skill level 9 in Poison Magic
   213 | D        | Killed a crocodile
   213 | D        | Acquired Sif Muna's first power
   213 | D        | Acquired Sif Muna's second power
   213 | D        | Reached skill level 11 in Poison Magic
   213 | D        | Reached XP level 4. HP: 12/27 MP: 0/8
   213 | D        | Reached XP level 5. HP: 13/31 MP: 0/9
   422 | D        | Learned a level 4 spell: Olgreb's Toxic Radiance
   427 | D        | Noticed a killer bee
   427 | D        | Noticed a hill giant
   427 | D        | Noticed a big kobold
   427 | D        | Noticed a worker ant
   430 | D        | Killed a killer bee
   430 | D        | Reached skill level 12 in Poison Magic
   434 | D        | Killed a worker ant
   753 | D        | Killed a hill giant
   753 | D        | Acquired Sif Muna's third power
   753 | D        | Reached skill level 15 in Poison Magic
   753 | D        | Reached XP level 6. HP: 4/36 MP: 9/14
   753 | D        | Reached XP level 7. HP: 4/41 MP: 10/17
   777 | D        | Learned a level 2 spell: Cure Poison
   783 | D        | Learned a level 5 spell: Venom Bolt
  1196 | D        | Killed a big kobold
  1196 | D        | Received a gift from Sif Muna
  1196 | D        | Reached skill level 5 in Spellcasting
  1197 | D        | Identified Sif Muna's Grimoire of Mutagenic Intoxication (Sif Muna gifted it to you in the Dungeon)
  1397 | D        | Noticed Psyche
  1403 | D        | Killed Psyche
  1403 | D        | Reached XP level 8. HP: 46/46 MP: 5/21
  1677 | D        | Learned a level 4 spell: Summon Scorpions
  1677 | D        | Noticed a water moccasin
  1677 | D        | Noticed a komodo dragon
  1677 | D        | Noticed a hippogriff
  1688 | D        | Killed a water moccasin
  1688 | D        | Reached skill level 1 in Fighting
  1772 | D        | Killed a komodo dragon
  1772 | D        | Received a gift from Sif Muna
  1773 | D        | Identified Sif Muna's Papyrus of Floating Attacks (Sif Muna gifted it to you in the Dungeon)
  1839 | D        | Killed a hippogriff
  1839 | D        | Reached skill level 1 in Summonings
  1932 | D        | Noticed a giant frog
  1933 | D        | Killed a giant frog
  1975 | D        | Noticed a giant frog
  1977 | D        | Killed a giant frog
  2019 | D        | Noticed a crocodile
  2019 | D        | Noticed a fire drake
  2019 | D        | Noticed a hippogriff
  2019 | D        | Noticed a water moccasin
  2019 | D        | Noticed a crocodile
  2019 | D        | Noticed a giant frog
  2019 | D        | Noticed a crocodile
  2023 | D        | Killed a hippogriff
  2024 | D        | Killed a crocodile
  2024 | D        | Reached XP level 9. HP: 55/55 MP: 4/25
  2024 | D        | Killed a fire drake
  2024 | D        | Reached skill level 5 in Fighting
  2027 | D        | Killed a water moccasin
  2027 | D        | Reached skill level 10 in Conjurations
  2027 | D        | Killed a crocodile
  2027 | D        | Received a gift from Sif Muna
  2027 | D        | Reached skill level 10 in Spellcasting
  2028 | D        | Noticed a spiny frog
  2028 | D        | Identified Sif Muna's Disquisition on Conjuration (Sif Muna gifted it to you in the Dungeon)
  2030 | D        | Killed a giant frog
  2139 | D        | Killed a crocodile
  2141 | D        | Killed a spiny frog
  2226 | D        | Learned a level 6 spell: Poisonous Cloud
  2230 | D        | Noticed a boring beetle
  2232 | D        | Killed a boring beetle
  2232 | D        | Reached skill level 1 in Air Magic
  2275 | D        | Noticed a wolf
  2275 | D        | Noticed a hell hound
  2275 | D        | Noticed a warg
  2275 | D        | Noticed a warg
  2275 | D        | Noticed a hell hound
  2275 | D        | Noticed a wolf
  2275 | D        | Noticed a wolf
  2277 | D        | Killed a wolf
  2277 | D        | Killed a warg
  2278 | D        | Noticed a warg
  2284 | D        | Killed a wolf
  2293 | D        | Killed a hell hound
  2506 | D        | Killed a hell hound
  2506 | D        | Killed a warg
  2664 | D        | Killed a wolf
  2664 | D        | Received a gift from Sif Muna
  2665 | D        | Identified Dopoongama's Guide on Conjuration and Translocation (Sif Muna gifted it to you in the Dungeon)
  2691 | D        | Learned a level 2 spell: Blink
  2697 | D        | Killed a warg
  2697 | D        | Reached XP level 10. HP: 64/64 MP: 12/28
  2855 | D        | Noticed Erica
  2858 | D        | Noticed Gastronok
  2861 | D        | Killed Erica
  2875 | D        | Noticed Sonja
  2878 | D        | Killed Gastronok
  2878 | D        | Received a gift from Sif Muna
  3092 | D        | Identified Sif Muna's Reference Book on Conjuration (Sif Muna gifted it to you in the Dungeon)
  3118 | D        | Killed Sonja
  3208 | D        | Noticed an orc warrior
  3208 | D        | Noticed an orc wizard
  3208 | D        | Noticed an orc priest
  3208 | D        | Noticed an orc priest
  3211 | D        | Killed an orc warrior
  3211 | D        | Killed an orc wizard
  3211 | D        | Killed an orc priest
  3211 | D        | Killed an orc priest
  3213 | D        | Killed an orc priest
  3220 | D        | Killed an orc priest
  3330 | D        | Noticed an orc priest
  3331 | D        | Noticed an orc warrior
  3333 | D        | Killed an orc priest
  3335 | D        | Killed an orc warrior
  3442 | D        | Noticed an orc warrior
  3442 | D        | Noticed an orc warrior
  3442 | D        | Noticed an orc warrior
  3442 | D        | Noticed an orc warrior
  3442 | D        | Noticed an orc knight
  3442 | D        | Noticed an orc warrior
  3445 | D        | Killed an orc warrior
  3447 | D        | Killed an orc warrior
  3448 | D        | Killed an orc warrior
  3450 | D        | Killed an orc warrior
  3451 | D        | Killed an orc warrior
  3452 | D        | Killed an orc warrior
  3453 | D        | Killed an orc knight
  3453 | D        | Reached skill level 10 in Fighting
  3453 | D        | Reached XP level 11. HP: 58/72 MP: 10/30
  3469 | D        | Noticed an orc warrior
  3472 | D        | Killed an orc warrior
  3481 | D        | Killed an orc knight
  3481 | D        | Received a gift from Sif Muna
  3482 | D        | Identified Sif Muna's Guide on Combat Magic and Flight (Sif Muna gifted it to you in the Dungeon)
  3595 | D        | Noticed an orc sorcerer
  3596 | D        | Noticed an orc knight
  3599 | D        | Killed an orc sorcerer
  3603 | D        | Killed an orc knight
  3735 | D        | Found Woam's Assorted Antiques.
  3735 | D        | Noticed an orc knight
  3735 | D        | Noticed an orc high priest
  3735 | D        | Noticed an orc high priest
  3740 | D        | Killed an orc knight
  3740 | D        | Killed an orc high priest
  3755 | D        | Killed an orc high priest
  3952 | D        | Found Byunai's Magic Scroll Shoppe.
  3955 | D        | Found Ceagosa's Gadget Emporium.
  3956 | D        | Noticed an orc sorcerer
  3957 | D        | Found Coic's Gadget Shoppe.
  3959 | D        | Killed an orc sorcerer
  3959 | D        | Received a gift from Sif Muna
  3960 | D        | Identified Sif Muna's Grimoire of Battle Magic (Sif Muna gifted it to you in the Dungeon)
  3961 | D        | Noticed an orc high priest
  3964 | D        | Noticed a sun demon
  3966 | D        | Killed an orc high priest
  4238 | D        | Noticed an orc knight
  4249 | D        | Killed an orc knight
  4358 | D        | Bought a crystal ball of energy for 550 gold pieces
  4373 | D        | Learned a level 5 spell: Lightning Bolt
  4521 | D        | Noticed an orc warrior
  4521 | D        | Noticed a soldier ant
  4521 | D        | Noticed an ice beast
  4521 | D        | Noticed a troll
  4521 | D        | Noticed an eye of draining
  4521 | D        | Noticed a crimson imp
  4524 | D        | Killed an orc warrior
  4524 | D        | Reached skill level 10 in Air Magic
  4524 | D        | Killed a soldier ant
  4525 | D        | Killed a troll
  4531 | D        | Killed an eye of draining
  4546 | D        | Killed a yaktaur
  4548 | D        | Killed an ice beast
  4579 | D        | Killed a crimson imp
  4728 | D        | Noticed a shadow
  4733 | D        | Killed a shadow
  4735 | D        | Noticed a troll
  4737 | D        | Killed a troll
  4737 | D        | Received a gift from Sif Muna
  4738 | D        | Noticed a freezing wraith
  4752 | D        | Learned a level 2 spell: Searing Ray
  4758 | D        | Annihilated by a freezing wraith

Action                   |  1- 3 |  4- 6 |  7- 9 | 10-12 || total
-------------------------+-------+-------+-------+-------++-------
Melee: Unarmed           |    31 |       |       |       ||    31
       Staff             |    11 |     6 |     4 |    11 ||    32
 Cast: Sting             |     9 |    12 |    15 |     5 ||    41
       Mephitic Cloud    |     2 |     2 |     3 |     2 ||     9
       Olgreb's Toxic Ra |       |     1 |     1 |       ||     2
       Venom Bolt        |       |       |    28 |    38 ||    66
       Summon Scorpions  |       |       |     5 |     1 ||     6
       Cure Poison       |       |       |     2 |     1 ||     3
       Poisonous Cloud   |       |       |       |     6 ||     6
       Searing Ray       |       |       |       |     7 ||     7
       Lightning Bolt    |       |       |       |     6 ||     6
Invok: Channel Energy    |       |       |     2 |     1 ||     3
  Use: Potion            |     6 |     2 |     2 |     5 ||    15
       Scroll            |     2 |       |     2 |     2 ||     6
 Stab: Sleeping          |     1 |       |       |       ||     1
